AoeStats
← FM-TheVoid

Black Forest

509102743Analyzed
2v2 RM · 7d ago on Sep 25, 2026· 50m 43s· 4 players
Game mode
Random Map
Map size
Medium (4 player)
Population
200
Speed
Normal
Resources
Standard
Victory
Conquest
Starting age
Dark Age
Ending age
Imperial Age
RankedLock teamsTeams togetherTeam positionsShared explorationLock speedFull tech treeHidden civsTurbo modeCheats
Victory
Defeat
🇦🇷 Malay · Argentina
1186
+18
🇵🇸 Wei · Palestinian Territories
1118
+21
🇩🇪 Sicilians · Germany
1237
-20
🇩🇪 Varangians · Germany
1209
-19
xX SAVAGE Xx
0:31 Loom
14:22 Feudal Age
18:19 Castle Age
16:35 Fishing Lines
17:05 Double-Bit Axe
17:23 Horse Collar
19:16 Bow Saw
21:58 Gold Mining
23:05 Heavy Plow
24:45 Wheelbarrow
25:38 Gold Shaft Mining
27:23 Hand Cart
28:06 Scale Barding Armor
28:12 Forging
28:45 Fervor
29:12 Bloodlines
29:06 Husbandry
30:54 Iron Casting
30:40 Chain Barding Armor
30:23 Scale Mail Armor
31:50 Tuntian
34:43 Imperial Age
33:22 Thumb Ring
33:24 Caravan
33:21 Elite Skirmisher
35:50 Conscription
36:03 Ming Guang Armor
35:45 Padded Archer Armor
35:36 Fletching
35:30 Capped Ram
37:43 Blast Furnace
37:21 Bodkin Arrow
38:50 Crop Rotation
37:55 Siege Ram
39:20 Parthian Tactics
39:25 Bracer
40:02 Town Watch
41:34 Chemistry
40:54 Ballistics
41:50 Town Patrol
42:36 Leather Archer Armor
42:37 Chain Mail Armor
43:17 Stone Mining
44:03 Murder Holes
44:25 Heavy Hei Guang Cavalry
45:59 Ring Archer Armor
45:01 Man-at-Arms
45:41 Squires
45:28 Arson
46:17 Long Swordsman
46:50 Two-Handed Swordsman
FM-TheVoid
1:06 Loom
11:43 Feudal Age
12:11 Wheelbarrow
11:28 Double-Bit Axe
15:36 Town Watch
15:41 Fishing Lines
19:45 Castle Age
19:28 Gillnets
20:38 Bow Saw
24:32 Fletching
24:52 Gold Mining
27:11 Horse Collar
30:36 Imperial Age
28:48 Gold Shaft Mining
29:20 Bodkin Arrow
30:26 Squires
30:36 Stone Mining
31:21 Forging
31:20 Husbandry
32:23 Chemistry
31:49 Hand Cart
31:41 Elite Battle Elephant
33:32 Caravan
33:43 Scale Barding Armor
34:22 Ballistics
34:19 Pikeman
35:50 Iron Casting
36:10 Halberdier
38:37 Blast Furnace
37:32 Arson
38:36 Conscription
40:05 Bombard Tower
39:34 Man-at-Arms
40:46 Elite Karambit Warrior
43:03 Bracer
42:45 Treadmill Crane
43:30 Heavy Plow
44:06 Stone Shaft Mining
42:55 Long Swordsman
45:03 Padded Archer Armor
48:49 Two-Handed Swordsman
49:34 Forced Levy
50:02 Leather Archer Armor
Janzequietsch
4:46 Loom
11:48 Feudal Age
15:35 Castle Age
13:48 Double-Bit Axe
14:01 Horse Collar
16:27 Bow Saw
21:25 Bloodlines
22:59 Heavy Plow
23:20 Scale Barding Armor
24:38 Gold Mining
26:14 Wheelbarrow
30:02 Imperial Age
27:52 Husbandry
28:50 Chain Barding Armor
28:52 Vendel Legacy
34:08 Plate Barding Armor
32:55 Cavalier
35:15 Forging
41:53 Scale Mail Armor
42:28 Iron Casting
41:28 Pikeman
42:09 Squires
42:05 Halberdier
Die Katz
0:45 Loom
13:01 Feudal Age
16:48 Castle Age
14:39 Double-Bit Axe
15:14 Fishing Lines
17:43 Bow Saw
18:11 Gillnets
20:29 Horse Collar
21:14 Heavy Plow
26:34 Stone Mining
27:42 Wheelbarrow
30:42 Imperial Age
28:19 Gold Mining
29:39 First Crusade
29:36 Scale Mail Armor
29:46 Forging
30:47 Chain Mail Armor
30:38 Squires
30:23 Arson
31:12 Hand Cart
31:43 Gold Shaft Mining
31:43 Stone Shaft Mining
32:13 Iron Casting
32:03 Conscription
32:42 Plate Mail Armor
34:05 Ballistics
34:46 Chemistry
33:51 Siege Engineers
34:48 Blast Furnace
33:32 Pikeman
34:07 Fletching
35:34 Halberdier
35:56 Halberdier
36:39 Elite Serjeant
38:10 Bodkin Arrow
38:54 Onager
40:39 Bracer
Connection lost

Rejoining the realm…

Still unreachable

The connection could not be restored.

Session expired

The server has moved on; the page needs a fresh start.